 Dungeon Crawl Stone Soup version 0.21-a0-529-g8c7b3f5 (console) character file.

115481 Duffy the Severer (level 16, -6/140 HPs)
             Began as a Naga Fighter on Dec 9, 2017.
             Was the Champion of Cheibriados.
             Mangled by an emperor scorpion (10 damage)
             ... on level 1 of the Spider Nest.
             The game lasted 00:38:45 (25787 turns).

Duffy the Severer (Naga Fighter)                   Turns: 25787, Time: 00:38:46

Health: -6/140     AC: 21    Str: 43    XL:     16   Next: 68%
Magic:  26/26      EV: 16    Int: 28    God:    Cheibriados [******]
Gold:   1235       SH: 25    Dex: 27    Spells: 15/15 levels left

rFire    + . .     SeeInvis +   Q - +6 broad axe (elec)
rCold    . . .     Gourm    .   g - +0 large shield
rNeg     . . .     Faith    +   N - +5 ring mail of Kich {Regen+ Int+5}
rPois    +         Spirit   .   p - +2 hat
rElec    .         Reflect  .   V - +1 cloak {MR+}
rCorr    .         Harm     .   (no gloves)
MR       ++++.     Clarity  +   (no barding)
Stlth    +.........             O - amulet of faith
HPRegen  0.73/turn              n - +3 ring of strength
MPRegen  0.20/turn              i - ring of protection from fire

@: lethally poisoned (-6 -> -22), very slow
A: large, horns 1, stinger 1, repulsion field 1, molten scales 1, see invisible,
clarity, deformed body, magic resistance 1, poison resistance, slowness 2, slow
metabolism 1, spit poison 1, constrict 1, AC +5
a: Spit Poison, Bend Time, Temporal Distortion, Slouch, Step From Time, Renounce
Religion


You were on level 1 of the Spider Nest.
You worshipped Cheibriados.
Cheibriados was exalted by your worship.
You were completely stuffed.

You visited 4 branches of the dungeon, and saw 25 of its levels.

You collected 2276 gold pieces.
You spent 1041 gold pieces at shops.

Inventory:

Hand Weapons
 c - a +1 broad axe
 G - the +7 war axe "Dragonbane" {drain, Dex+6}
   (You bought it in a shop on level 12 of the Dungeon)

   A truly terrible weapon, it drains the life of those it strikes.
   It affects your dexterity (+6).
 Q - a +6 broad axe of electrocution (weapon)
Missiles
 t - 4 throwing nets (quivered)
Armour
 g - a +0 large shield (worn)
 p - a +2 hat (worn)
 N - the +5 ring mail of Kich (worn) {Regen+ Int+5}
   (You found it on level 2 of the Lair of Beasts)

   It affects your intelligence (+5).
   It increases your rate of regeneration.
 V - a +1 cloak of magic resistance (worn)
Jewellery
 i - a ring of protection from fire (right hand)
 l - an uncursed ring of positive energy
 n - a +3 ring of strength (left hand)
 o - an uncursed ring of fire
 O - an amulet of faith (around neck)
Wands
 e - a wand of enslavement (10)
 q - a wand of flame (14)
 r - a wand of digging (45)
 s - a wand of paralysis (11)
 y - a wand of polymorph (27)
 U - a wand of iceblast (11)
Scrolls
 b - 3 scrolls of identify
 j - 11 scrolls of teleportation
 m - 6 scrolls of enchant armour
 u - a scroll of silence
 w - 12 scrolls of remove curse
 z - a scroll of fog
 C - 4 scrolls of magic mapping
 D - 3 scrolls of fear
 R - 2 scrolls of blinking
Potions
 d - 3 potions of might
 x - 4 potions of heal wounds
 B - 3 potions of cancellation
 E - a potion of lignification
 F - 2 potions of flight
 H - 7 potions of curing
 I - a potion of invisibility
 J - 5 potions of magic
 L - 3 potions of agility
 M - 3 potions of mutation
 S - a potion of resistance
Miscellaneous
 K - a sack of spiders
 T - a phial of floods
Comestibles
 f - 15 bread rations
 h - 49 fruits
 k - 22 royal jellies


   Skills:
 - Level 8.0 Fighting
 + Level 15.5 Axes
 - Level 8.0 Armour
 - Level 5.8 Dodging
 + Level 14.1 Shields
 + Level 13.6 Invocations


You had 15 spell levels left.
You didn't know any spells.

Dungeon Overview and Level Annotations

Branches:
Dungeon (15/15)            Temple (0/1) D:6            Lair (6/6) D:8
  Swamp (0/4) Lair:4       Spider (2/4) Lair:2        Slime (0/5) Lair:5
    Orc (2/2) D:9             Elf (0/3) Orc:2        Vaults (0/5) D:13
 Depths (0/5) D:15

Altars:
Cheibriados
Fedhas
Sif Muna
Beogh

Shops:
D:11 *   D:12 (   Orc:2 *:[(

Annotations:
Spider:2 Arachne


Innate Abilities, Weirdness & Mutations

You cannot wear boots.
Your serpentine skin is tough. (AC +5)
You have supernaturally acute eyesight. (SInv)
Armour fits poorly on your strangely shaped body.
Your system is resistant to poisons. (rPois)
You cover ground very slowly.
You have a slow metabolism.
You can spit poison.
You can use your snake-like lower body to constrict enemies.
You have a pair of small horns on your head.
Your tail ends in a poisonous barb.
You are surrounded by a mild repulsion field. (EV +2)
You are partially covered in molten scales. (AC +2)
You possess an exceptional clarity of mind.
You are resistant to hostile enchantments. (MR+)


Message History

Your headbutt misses the emperor scorpion.
The emperor scorpion is moderately wounded.
You feel sick.
You block the emperor scorpion's attack. x2
The emperor scorpion claws you but does no damage.
You hit the emperor scorpion.
Your headbutt misses the emperor scorpion.
The emperor scorpion is moderately wounded.
You feel sick.
You block the emperor scorpion's attack. x2
The emperor scorpion claws you.
You slash the emperor scorpion!
The emperor scorpion is moderately wounded.
You feel very sick.
You block the emperor scorpion's attack. x3
You slice the emperor scorpion!! You headbutt the emperor scorpion.
You tail-slap the emperor scorpion!
The emperor scorpion is severely wounded.
You feel sick. The emperor scorpion stings you!
You die...

########.....##.####
.##.##.(....#...#..#
.....##............###
.....................##
......)...............#
.....................##
..#...................##
.......................##
................@s......###
^..............%%.^..^....#
..........................##
...........................##
............................#
...........................#####
...............................#
..(............................##
.(..............................#


You could see an emperor scorpion.

Vanquished Creatures
  Kirke (Lair:4)
  An orc warlord (Orc:2)
  An ettin (D:15)
  3 ogre magi (D:15)
  11 hydras
  2 catoblepae
  A centaur warrior (D:13)
  19 two-headed ogres
  A death knight (D:15)
  2 tengu warriors
  2 orc high priests
  The ghost of Ghella the Basher, a novice OgBe of Trog (D:10)
  A deep elf knight (D:15)
  12 spriggans
  3 unseen horrors
  A wizard (D:15)
  A deep elf mage (D:15)
  3 necromancers
  3 orc knights (Orc:2)
  A lindwurm (Lair:2)
  12 wolf spiders
  5 orc sorcerers
  8 orb spiders (Spider:1)
  A wolf spider zombie (D:15)
  5 cyclopes
  A manticore (shapeshifter) (D:13)
  11 ugly things
  2 manticores
  Maurice (Orc:1)
  Joseph (Lair:1)
  7 black mambas
  4 centaur zombies
  A gargoyle (D:10)
  A kobold demonologist (D:15)
  9 spiny frogs
  2 komodo dragons
  6 demonic crawlers (Spider:1)
  4 rime drakes
  2 freezing wraiths (D:15)
  A queen bee (D:8)
  5 trolls
  A tengu conjurer (D:14)
  9 hornets
  5 jumping spiders
  11 polar bears
  A harpy zombie (D:15)
  A wolf spider simulacrum (D:14)
  Prince Ribbit (D:8)
  2 harpy skeletons (D:14)
  A blink frog (Lair:4)
  5 slime creatures (D:15)
  A dream sheep (Lair:6)
  A blink frog (shapeshifter) (D:14)
  13 hippogriffs
  A centaur simulacrum (D:14)
  Sigmund (D:2)
  14 tarantellas
  18 redbacks
  2 shadows
  A wraith (D:15)
  37 yaks
  3 vampires
  A wyvern (Lair:4)
  A yak (shapeshifter) (D:14)
  2 basilisks
  A golden eye (shapeshifter) (D:15)
  Grum (D:8)
  6 vampire mosquitoes
  A hungry ghost (D:12)
  7 wargs
  17 hell hounds
  11 water moccasins
  10 porcupines
  4 sky beasts
  24 orc warriors
  12 black bears
  2 phantoms
  An ice beast (D:10)
  3 eyes of draining
  A necrophage (D:8)
  9 ogres
  3 boggarts (Lair:4)
  54 wolves
  14 crocodiles
  5 centaurs
  3 big kobolds
  18 bullfrogs
  4 wyvern zombies
  4 scorpions
  20 killer bees
  3 wights (D:8)
  3 electric eels
  9 howler monkeys
  2 bullfrog zombies
  10 crimson imps
  8 hounds
  4 centaur skeletons
  3 jellies
  2 bullfrog skeletons
  11 orc priests
  18 orc wizards
  6 iguanas
  12 worker ants
  A hound skeleton (D:5)
  3 worker ant zombies
  13 adders
  9 gnolls
  A howler monkey skeleton (D:7)
  2 shadow imps
  An ooze (D:5)
  An adder zombie (D:7)
  An adder skeleton (D:8)
  3 worms
  3 dart slugs (D:1)
  3 leopard geckos
  64 orcs
  A ball python (D:2)
  7 bats
  8 giant cockroaches
  4 hobgoblins
  7 jackals
  23 kobolds
  6 quokkas
  5 frilled lizards
  5 goblins
  A leopard gecko skeleton (D:4)
  A leopard gecko zombie (D:7)
  9 rats
  A plant (Lair:6)
801 creatures vanquished.

Vanquished Creatures (collateral kills)
  3 killer bees
  A gnoll (D:3)
  An adder zombie (D:7)
5 creatures vanquished.

Vanquished Creatures (others)
  A hydra (D:14)
  4 killer bees
  A gnoll (D:3)
  16 fungi
  37 plants
59 creatures vanquished.

Grand Total: 865 creatures vanquished

Notes
Turn   | Place    | Note
-------+----------+-------------------------------------------
     0 | D:1      | Duffy the Naga Fighter began the quest for the Orb.
     0 | D:1      | Reached XP level 1. HP: 21/21 MP: 1/1
   106 | D:1      | Reached XP level 2. HP: 27/28 MP: 2/2
   520 | D:1      | Reached XP level 3. HP: 34/34 MP: 3/3
   733 | D:2      | Reached skill level 3 in Axes
  1100 | D:2      | Reached XP level 4. HP: 42/42 MP: 4/4
  1189 | D:2      | Noticed Sigmund
  1197 | D:2      | Killed Sigmund
  1197 | D:2      | Reached skill level 4 in Axes
  1197 | D:2      | Reached XP level 5. HP: 29/49 MP: 5/5
  1508 | D:2      | Reached XP level 6. HP: 55/56 MP: 6/6
  3183 | D:4      | Reached skill level 5 in Axes
  3400 | D:4      | Reached XP level 7. HP: 52/62 MP: 7/7
  3945 | D:5      | Entered Level 5 of the Dungeon
  4046 | D:5      | Reached skill level 5 in Shields
  4216 | D:5      | Found a snail-covered altar of Cheibriados.
  4275 | D:5      | Reached skill level 6 in Axes
  4300 | D:5      | Gained mutation: Your spells are a little harder to cast, but a little more powerful. [mutagenic meat]
  4301 | D:5      | Gained mutation: You are resistant to hostile enchantments. (MR+) [mutagenic meat]
  4302 | D:5      | Gained mutation: You are surrounded by a mild repulsion field. (EV +2) [mutagenic meat]
  4303 | D:5      | Gained mutation: You are partially covered in molten scales. (AC +2) [mutagenic meat]
  4304 | D:5      | Lost mutation: Your spells are a little harder to cast, but a little more powerful. [mutagenic meat]
  4354 | D:5      | Reached XP level 8. HP: 67/69 MP: 8/8
  4477 | D:5      | Became a worshipper of Cheibriados the Contemplative
  5268 | D:6      | Reached skill level 7 in Axes
  5368 | D:6      | Found a staircase to the Ecumenical Temple.
  5746 | D:7      | Reached * piety under Cheibriados
  5840 | D:7      | Reached skill level 8 in Axes
  5847 | D:7      | Reached XP level 9. HP: 60/75 MP: 9/9
  6020 | D:7      | Reached skill level 1 in Invocations
  6028 | D:7      | Reached ** piety under Cheibriados
  7082 | D:8      | Noticed Prince Ribbit
  7100 | D:8      | Killed Prince Ribbit
  7404 | D:8      | Reached *** piety under Cheibriados
  7417 | D:8      | Reached skill level 5 in Invocations
  7459 | D:8      | Found a deep blue altar of Sif Muna.
  7834 | D:8      | Reached XP level 10. HP: 53/84 MP: 14/14
  7965 | D:8      | Found a staircase to the Lair.
  8035 | D:8      | Reached skill level 9 in Axes
  8063 | D:8      | Noticed Grum
  8472 | D:8      | Killed Grum
  8730 | D:8      | Reached **** piety under Cheibriados
  8770 | D:9      | Noticed an unseen horror
  8777 | D:9      | Noticed a two-headed ogre
  8841 | D:8      | Killed a two-headed ogre
  8844 | D:8      | Killed an unseen horror
  9165 | D:8      | Reached skill level 10 in Axes
  9568 | D:9      | Noticed a two-headed ogre
  9575 | D:9      | Killed a two-headed ogre
  9575 | D:9      | Reached XP level 11. HP: 56/91 MP: 15/17
  9970 | D:9      | Reached ***** piety under Cheibriados
  9971 | D:9      | Found a staircase to the Orcish Mines.
 10199 | D:10     | Entered Level 10 of the Dungeon
 10201 | D:10     | Noticed Ghella's ghost (novice OgBe)
 10219 | D:10     | Killed Ghella's ghost
 10471 | D:10     | Noticed a two-headed ogre
 10476 | D:10     | Killed a two-headed ogre
 10536 | D:10     | Reached skill level 5 in Fighting
 11151 | D:10     | Noticed an unseen horror
 11157 | D:10     | Killed an unseen horror
 11538 | D:11     | Found Raas's Assorted Antiques.
 11543 | D:11     | Bought a scroll of identify for 64 gold pieces
 11543 | D:11     | Bought a scroll of identify for 64 gold pieces
 11543 | D:11     | Bought a scroll of identify for 64 gold pieces
 11547 | D:11     | Noticed a two-headed ogre
 11552 | D:11     | Killed a two-headed ogre
 11954 | D:11     | Noticed a red ugly thing
 11972 | D:11     | Killed a red ugly thing
 11978 | D:11     | Gained mutation: Your tail ends in a poisonous barb. [mutagenic meat]
 11979 | D:11     | Gained mutation: You have a pair of small horns on your head. [mutagenic meat]
 12433 | D:12     | Reached skill level 5 in Armour
 12543 | D:12     | Noticed a manticore
 12559 | D:12     | Killed a manticore
 12750 | D:12     | Reached skill level 10 in Shields
 12750 | D:12     | Reached XP level 12. HP: 106/106 MP: 5/18
 12844 | D:12     | Noticed a two-headed ogre
 12852 | D:12     | Killed a two-headed ogre
 12852 | D:12     | Reached skill level 1 in Dodging
 12970 | D:12     | Found Ukick's Antique Weapon Shop.
 12989 | D:12     | Bought a brightly glowing war axe for 272 gold pieces
 12989 | D:12     | Identified the +7 war axe "Dragonbane" {drain, Dex+6} (You bought it in a shop on level 12 of the Dungeon)
 13568 | Lair:1   | Entered Level 1 of the Lair of Beasts
 13596 | Lair:1   | Noticed Joseph
 13604 | Lair:1   | Killed Joseph
 13765 | Lair:1   | Noticed a four-headed hydra
 13901 | Lair:1   | Reached ****** piety under Cheibriados
 14033 | Lair:1   | Noticed a spriggan rider
 14038 | Lair:1   | Killed a spriggan rider
 14206 | Lair:1   | Noticed a four-headed hydra
 14210 | Lair:1   | Killed a five-headed hydra
 14362 | Lair:1   | Killed a five-headed hydra
 15096 | Lair:2   | Reached skill level 5 in Dodging
 15138 | Lair:2   | Gained mutation: You can use your snake-like lower body to constrict enemies. [Naga growth]
 15138 | Lair:2   | Reached XP level 13. HP: 102/117 MP: 19/19
 15301 | Lair:2   | Got a faintly humming ring mail
 15340 | Lair:2   | Identified the +5 ring mail of Kich {Regen+ Int+5} (You found it on level 2 of the Lair of Beasts)
 15478 | Lair:2   | Found a hole to the Spider Nest.
 16000 | Lair:2   | Got a steaming helmet
 16260 | Lair:3   | Reached skill level 11 in Axes
 17261 | Lair:4   | Reached skill level 12 in Axes
 17265 | Lair:4   | Reached XP level 14. HP: 123/126 MP: 20/20
 17305 | Lair:4   | Found a staircase to the Swamp.
 17584 | Lair:4   | Noticed Kirke
 17591 | Lair:4   | Killed Kirke
 17992 | Lair:5   | Identified the +0 helmet "Xerghimn" {rPois rC++ MR- SInv} (You found it on level 2 of the Lair of Beasts)
 18408 | Lair:5   | Found a staircase to the Slime Pits.
 18688 | Lair:6   | Entered Level 6 of the Lair of Beasts
 19268 | Lair:6   | Reached skill level 13 in Axes
 19341 | Lair:6   | Reached skill level 10 in Invocations
 19850 | Orc:1    | Entered Level 1 of the Orcish Mines
 20109 | Orc:1    | Noticed Maurice
 20116 | Orc:1    | Killed Maurice
 20264 | Orc:2    | Entered Level 2 of the Orcish Mines
 20737 | Orc:2    | Reached XP level 15. HP: 132/132 MP: 22/22
 20878 | Orc:2    | Noticed an orc warlord
 21118 | Orc:2    | Found a roughly hewn altar of Beogh.
 21124 | Orc:2    | Killed an orc warlord
 21141 | Orc:2    | Found Geruuvoth's Antique Weapon Shoppe.
 21161 | Orc:2    | Found Suadghykly's Antique Armour Shoppe.
 21177 | Orc:2    | Found Deijuh's General Store.
 21184 | Orc:2    | Bought a scroll of identify for 28 gold pieces
 21193 | Orc:2    | Found Keocoh's Book Shoppe.
 21402 | Orc:2    | Found a staircase to the Elven Halls.
 21762 | Orc:2    | Bought a faintly glowing scale mail for 297 gold pieces
 21772 | Orc:2    | Identified the +4 scale mail of Claustrophobia {Str+3} (You bought it in a shop on level 2 of the Orcish Mines)
 21788 | Orc:2    | Bought a glowing broad axe for 252 gold pieces
 22272 | D:13     | Gained mutation: You possess an exceptional clarity of mind. [mutagenic meat]
 22509 | D:13     | Found a gate to the Vaults.
 22512 | D:13     | Reached skill level 14 in Axes
 23449 | D:14     | Got a dazzling helmet
 23472 | D:14     | Identified the -1 helmet of the Thoughtful Demons {rC- MR+ Dex+3 SInv} (You found it on level 14 of the Dungeon)
 23932 | D:15     | Entered Level 15 of the Dungeon
 24099 | D:15     | Found a staircase to the Depths.
 24216 | D:15     | Reached XP level 16. HP: 129/140 MP: 25/25
 24692 | D:15     | Reached skill level 15 in Axes
 24777 | D:15     | Found a blossoming altar of Fedhas.
 25236 | Spider:1 | Entered Level 1 of the Spider Nest
 25581 | Spider:1 | Got a spiked cloak
 25582 | Spider:1 | Identified the cursed +0 cloak "Wyppaufa" {Str+4} (You found it on level 1 of the Spider Nest)
 25774 | Spider:2 | Noticed Arachne
 25785 | Spider:1 | HP: 7/140 [emperor scorpion (3)]
 25787 | Spider:1 | Mangled by an emperor scorpion

Vault maps used:
D:1:      minmay_arrival_wavy_path
D:2:      first_bread, uniq_sigmund
D:3:      corexii_shack_village
D:5:      cheibriados_altar_1
D:6:      minmay_temple_entry_butterflies
D:7:      serial_column_ruins, column_ruins_circle_medium, column_ruins_hut,
          column_ruins_open_tiny_water, column_ruins_grid_3,
          column_ruins_grid_1, column_ruins_grid_1, column_ruins_corridor_T
D:8:      minmay_lair_entry_lava, basic_altar, uniq_grum, uniq_prince_ribbit1
D:9:      orc_0_dummy, david_nohive_1
D:11:     serial_shops, shop, fountainhead
D:12:     serial_shops, nicolae_shop_stone
D:13:     david_vaults_1
D:14:     minmay_misc_feat_doors
D:15:     hangedman_depths_entry_civil_slaughter, fedhas_altar_fruit_tree
Lair:1:   grunt_forest_large_clearings, infiniplex_staircase_pool, uniq_joseph
Lair:2:   cheibrodos_lair_overgrown_chateau, spider_nest_entry_funnel_web,
          st_stairs_11, serial_bayou_shore_b
Lair:3:   cheibrodos_lair_caveside_slide, grunt_megastairs_4
Lair:4:   kb_forest_paths, swamp_mist, uniq_kirke
Lair:5:   dpeg_slime_entry_corner
Lair:6:   wormcave, hangedman_lair_caniforms_friends
Spider:2: nicolae_arachne_temple, hangedman_spider_tarantella_strand
Orc:1:    uniq_maurice
Orc:2:    grunt_orc_cross

Skill      XL: |  1  2  3  4  5  6  7  8  9 10 11 12 13 14 15 16 |
---------------+-------------------------------------------------+-----
Shields        | 3 4 5 7 9 10 11 12 13 14 | 14.1
Axes           | 3 4 5 6 8 10 12 13 14 15 | 15.5
Invocations    | 5 8 9 10 12 13 | 13.6
Armour         | 4 5 7 8 |  8.0
Fighting       | 6 8 |  8.0
Dodging        | 5 |  5.8

Action                   |  1- 3 |  4- 6 |  7- 9 | 10-12 | 13-15 | 16-18 || total
-------------------------+-------+-------+-------+-------+-------+-------++-------
Melee: War axe           |    95 |   160 |   441 |   109 |   457 |       ||  1262
       Broad axe         |       |       |    33 |   465 |   166 |    95 ||   759
       Headbutt          |       |       |       |    52 |   238 |    33 ||   323
       Tailslap          |       |       |       |    31 |   158 |    27 ||   216
       Constrict         |       |       |       |       |   181 |    21 ||   202
Invok: Slouch            |       |       |       |       |     4 |     4 ||     8
       Temporal Distorti |       |       |       |       |       |     1 ||     1
 Abil: Spit Poison       |     2 |    10 |     5 |    10 |       |       ||    27
Evoke: Wand              |       |     1 |     8 |    22 |     7 |       ||    38
  Use: Scroll            |       |     3 |    11 |    10 |    11 |     2 ||    37
       Potion            |       |       |     2 |     4 |       |       ||     6
 Stab: Sleeping          |       |       |       |       |     3 |       ||     3
       Distracted        |       |       |       |       |     1 |       ||     1
  Eat: Chunk             |       |     5 |    14 |    12 |     5 |     1 ||    37
       Royal jelly       |       |     1 |     2 |       |       |       ||     3
       Meat ration       |       |       |       |     2 |     4 |     2 ||     8
Armor: Scale mail        |    42 |    61 |    61 |       |       |       ||   164
       Ring mail         |       |       |    42 |       |   196 |    46 ||   284
       Plate armour      |       |       |    71 |   262 |     7 |       ||   340
       Skin              |       |       |       |    15 |       |       ||    15
Dodge: Dodged            |    11 |    16 |    79 |   107 |   250 |    62 ||   525
Block: Shield            |    49 |       |       |       |       |       ||    49
       Large shield      |     1 |   127 |   469 |   838 |   851 |   183 ||  2469

Table legend:
 A = Spawn XP
 B = Non-spawn XP
 C = Spawn XP percentage of total XP
 D = Spawn monster count
 E = Non-spawn monster count
 F = Spawn count percentage of total count
 G = Total turns spent on level
                    A         B        C        D         E        F      G
               +---------+---------+-------+---------+---------+-------+---------
         Total |       0 |  164974 |   0.0 |       0 |     810 |   0.0 | 25787
               +---------+---------+-------+---------+---------+-------+---------
           D:1 |       0 |      48 |   0.0 |       0 |      18 |   0.0 |  1010
           D:2 |       0 |     294 |   0.0 |       0 |      21 |   0.0 |  1277
           D:3 |       0 |     125 |   0.0 |       0 |      29 |   0.0 |   880
           D:4 |       0 |     208 |   0.0 |       0 |      14 |   0.0 |   813
           D:5 |       0 |     756 |   0.0 |       0 |      19 |   0.0 |  1097
           D:6 |       0 |     321 |   0.0 |       0 |       8 |   0.0 |   837
           D:7 |       0 |    1092 |   0.0 |       0 |      33 |   0.0 |  1487
           D:8 |       0 |    5731 |   0.0 |       0 |      64 |   0.0 |  2008
           D:9 |       0 |    2056 |   0.0 |       0 |      25 |   0.0 |  1155
          D:10 |       0 |    3976 |   0.0 |       0 |      24 |   0.0 |  1031
          D:11 |       0 |    2107 |   0.0 |       0 |      18 |   0.0 |  1004
          D:12 |       0 |    3765 |   0.0 |       0 |      19 |   0.0 |  1175
          D:13 |       0 |    8928 |   0.0 |       0 |      28 |   0.0 |   980
          D:14 |       0 |   12024 |   0.0 |       0 |      46 |   0.0 |  1227
          D:15 |       0 |   31230 |   0.0 |       0 |      51 |   0.0 |   965
        Lair:1 |       0 |    8095 |   0.0 |       0 |      40 |   0.0 |  1560
        Lair:2 |       0 |   11402 |   0.0 |       0 |      51 |   0.0 |  1146
        Lair:3 |       0 |    9001 |   0.0 |       0 |      36 |   0.0 |   857
        Lair:4 |       0 |    9574 |   0.0 |       0 |      32 |   0.0 |  1037
        Lair:5 |       0 |    4602 |   0.0 |       0 |      18 |   0.0 |   778
        Lair:6 |       0 |   15520 |   0.0 |       0 |      70 |   0.0 |  1023
      Spider:1 |       0 |   19357 |   0.0 |       0 |      52 |   0.0 |   436
      Spider:2 |       0 |    1523 |   0.0 |       0 |       7 |   0.0 |     9
         Orc:1 |       0 |    3552 |   0.0 |       0 |      31 |   0.0 |   474
         Orc:2 |       0 |    9687 |   0.0 |       0 |      56 |   0.0 |  1521
               +---------+---------+-------+---------+---------+-------+---------
